 Dungeon Crawl Stone Soup version 0.22-a0-580-gd5db89c (webtiles) character file.

63 theanonym the Magician (level 3, -3/24 HPs)
             Began as a Mummy Summoner on July 3, 2018.
             Slain by Crazy Yiuf
             ... wielding a +4 quarterstaff of chaos
              (12 damage)
             ... on level 2 of the Dungeon.
             The game lasted 00:03:04 (2023 turns).

theanonym the Magician (Mummy Summoner)             Turns: 2023, Time: 00:03:04

Health: -3/24      AC:  5    Str: 11    XL:     3   Next: 87%
Magic:  0/8        EV: 14    Int: 15    God:
Gold:   157        SH:  0    Dex: 12    Spells: 7/10 levels left

rFire    x . .     SeeInvis .   e - +0 dagger
rCold    + . .     Gourm    .   (no shield)
rNeg     + + +     Faith    .   a - +0 robe
rPois    ∞         Spirit   +   c - +1 helmet
rElec    .         Reflect  .   (no cloak)
rCorr    .         Harm     .   (no gloves)
MR       .....                  j - +0 pair of boots
Stlth    ++........             f - amulet of guardian spirit
HPRegen  0.08/turn              i - +2 ring of evasion
MPRegen  0.11/turn              (no ring)

@: very slightly contaminated
A: no food or potions, fire vulnerability, cold resistance 1, negative energy
resistance 3, torment resistance, unbreathing
a: no special abilities


Innate Abilities, Weirdness & Mutations

You do not eat or drink.
Your flesh is vulnerable to fire.
You are immune to poison.
Your flesh is cold resistant. (rC+)
You are immune to negative energy. (rN+++)
You are immune to unholy pain and torment.
You can survive without breathing.


   Skills:
 - Level 1.5 Dodging
 - Level 1.5 Stealth
 + Level 4.2 Spellcasting
 + Level 4.0 Summonings


You had 7 spell levels left.
You knew the following spells:

 Your Spells              Type           Power        Failure   Level  Hunger
a - Summon Small Mammal   Summ           ###.         3%          1    N/A
b - Call Imp              Summ           ###.....     5%          2    N/A

Your spell library contained the following spells:

 Spells                   Type           Power        Failure   Level  Hunger
 Summon Ice Beast         Ice/Summ       #.......     61%         4    N/A
 Call Canine Familiar     Summ           ###.....     11%         3    N/A
 Summon Lightning Spire   Summ/Air       #.......     61%         4    N/A
 Summon Guardian Golem    Hex/Summ       #.......     24%         3    N/A

Skill      XL: |  1  2  3 |
---------------+----------+-----
Spellcasting   | 3 4 |  4.2
Summonings     | 4 |  4.0
Dodging        | |  1.5
Stealth        | |  1.5

Action                   || total
-------------------------++-------
Melee: Club              ||    29
       Unarmed           ||     9
       Dagger            ||   153
 Cast: Summon Small Mamm ||    12
       Call Imp          ||     8
 Stab: Sleeping          ||     4
Armor: Robe              ||    67
Dodge: Dodged            ||   170

Inventory:

Hand Weapons
 b - a +0 club
   (You took it off a hobgoblin on level 1 of the Dungeon)
 e - a +0 dagger (weapon)
   (You took it off a goblin on level 1 of the Dungeon)
Armour
 a - a +0 robe (worn)
 c - a +1 helmet (worn)
   (You found it on level 1 of the Dungeon)
 j - a +0 pair of boots (worn)
   (You found it on level 2 of the Dungeon)
Jewellery
 f - an amulet of guardian spirit (around neck)
   (You found it on level 1 of the Dungeon)
 i - a +2 ring of evasion (left hand)
   (You found it on level 2 of the Dungeon)
Scrolls
 d - a scroll of blinking {unknown}
 g - 3 scrolls of identify {unknown}
 h - a scroll of amnesia {unknown}
 k - a scroll of remove curse {unknown}


You were on level 2 of the Dungeon.
You were not hungry.

You visited 1 branch of the dungeon, and saw 2 of its levels.

You collected 157 gold pieces.

Dungeon Overview and Level Annotations

Branches:
Dungeon (2/15)

Altars:

Annotations:
D:2 Crazy Yiuf

#####...# #.......##
#........######
####..........## ###
#..<...###..# #.#
#.####.####.###)# ##.#
#..###.....######## ##
#..# ##................#
### .####.##
#....@#g......(#.###..
...##.#
###.###g#.÷..###.#......
##.##.# ##...# #5..####
#....#... #....###..###
###...# ##5...###
###.....5## ####..#.##
#....# #
##..#.#####.....#..#
♣PP.P♣ #
#...#.......###.##.#
♣♣P..♣ #
####..#####....# #.####
♣♣.♣♣ #
#........##.##.###.#
♣♣.♣ #


You could see Crazy Yiuf and a friendly white imp.

Notes
Turn   | Place    | Note
-------+----------+-------------------------------------------
     0 | D:1      | theanonym the Mummy Summoner began the quest for the Orb.
     0 | D:1      | Reached XP level 1. HP: 13/13 MP: 4/4
    18 | D:1      | HP: 5/13 [hobgoblin/club (2)]
   292 | D:1      | HP: 5/13 [kobold/club (3)]
   491 | D:1      | Reached skill level 3 in Spellcasting
   493 | D:1      | HP: 6/13 [frilled lizard (1)]
   498 | D:1      | HP: 6/13 [bat (1)]
   730 | D:1      | Reached XP level 2. HP: 18/19 MP: 3/6
   798 | D:1      | Learned a level 2 spell: Call Imp
   878 | D:1      | HP: 8/19 [hobgoblin/club (4)]
  1278 | D:1      | Reached XP level 3. HP: 20/24 MP: 5/8
  1596 | D:2      | Reached skill level 4 in Spellcasting
  1763 | D:2      | Reached skill level 4 in Summonings
  1878 | D:2      | Found a runed door.
  1989 | D:2      | Noticed Crazy Yiuf
  2023 | D:2      | HP: 9/24 [Crazy Yiuf/quarterstaff of chaos (5)]
  2023 | D:2      | Slain by Crazy Yiuf

Vanquished Creatures
  An ooze (D:1)
  A leopard gecko (D:2)
  3 bats
  A giant cockroach (D:2)
  5 goblins
  7 hobgoblins
  2 frilled lizards (D:2)
  3 kobolds
  4 rats
27 creatures vanquished.

Vanquished Creatures (collateral kills)
  A gnoll (D:1)
  2 adders (D:2)
  A leopard gecko (D:2)
  A goblin (D:1)
  2 hobgoblins
  2 jackals (D:2)
  A bat (D:2)
  A frilled lizard (D:1)
  A kobold (D:1)
12 creatures vanquished.

Grand Total: 39 creatures vanquished

Table legend:
 A = Turns spent in this place as a percentage of turns spent in the entire game.
 B = Non-inter-level travel turns spent in this place as a percentage of non-inter-level travel turns spent in the entire game.
 C = Inter-level travel turns spent in this place as a percentage of turns spent in this place.
 D = Turns resting spent in this place as a percentage of non-inter-level travel turns spent in this place.
 E = Turns spent auto-exploring this place as a percentage of non-inter-level travel turns spent in this place.
 F = Non-inter-level travel turns spent in this place divided by the number of levels of this place that you've seen.
                   A       B       C       D       E      F
               +-------+-------+-------+-------+-------+----------------------
         Total | 100.0 | 100.0 |   0.1 |  50.7 |  29.4 | 1010.5
       Dungeon | 100.0 | 100.0 |   0.1 |  50.7 |  29.4 | 1010.5
               +-------+-------+-------+-------+-------+----------------------
